 Dungeon Crawl Stone Soup version 0.21-a0-361-g4efd3f9 (webtiles) character file.

1115 4thArraOfDagon the Summoner (level 7, -2/50 HPs)
             Began as a Demigod Summoner on Oct 13, 2017.
             Slain by a two-headed ogre
             ... wielding a +0 giant spiked club
              (6 damage)
             ... on level 8 of the Dungeon.
             The game lasted 00:18:56 (3795 turns).

4thArraOfDagon the Summoner (Demigod Summoner)      Turns: 3795, Time: 00:18:56

Health: -2/50      AC:  8    Str: 11    XL:     7   Next: 87%
Magic:  14/17      EV: 11    Int: 23    God:
Gold:   232        SH:  0    Dex: 18    Spells: 5/15 levels left

rFire    . . .     SeeInvis .   s - +2 short sword (venom)
rCold    . . .     Gourm    .   (no shield)
rNeg     . . .     Faith    .   D - +0 ring mail
rPois    .         Spirit   .   (no helmet)
rElec    .         Reflect  .   B - +0 cloak
rCorr    .         Harm     .   u - +0 pair of gloves
MR       .....     Clarity  +   n - +0 pair of boots
Stlth    ++........             C - amulet of magic regeneration
HPRegen  0.16/turn              p - ring of stealth
MPRegen  0.40/turn              (no ring)

@: no status effects
A: agile 1, clarity, high mp 1
a: no special abilities


You were on level 8 of the Dungeon.
You were not hungry.

You visited 1 branch of the dungeon, and saw 8 of its levels.

You collected 232 gold pieces.

Inventory:

Hand Weapons
 s - a +2 short sword of venom (weapon)
 t - a +0 hunting sling
Missiles
 k - 133 stones (quivered)
Armour
 n - a +0 pair of boots (worn)
 u - a +0 pair of gloves (worn)
 B - a +0 cloak (worn)
 D - a +0 ring mail (worn)
Jewellery
 p - a ring of stealth (left hand)
 C - an amulet of magic regeneration (around neck)
Wands
 y - a wand of digging (7/24)
 E - a wand of lightning (6/15)
Scrolls
 d - a scroll of enchant weapon {unknown}
 e - 3 scrolls of noise {unknown}
 g - 2 scrolls of recharging {unknown}
 l - a scroll of blinking {unknown}
 m - 3 scrolls of teleportation
 q - 2 scrolls of fog {unknown}
 w - a scroll of amnesia {unknown}
 z - a scroll of immolation {unknown}
Potions
 h - 2 potions of degeneration {unknown}
 j - a potion of heal wounds {unknown}
 o - 2 potions of haste
 r - 2 potions of agility
 v - 2 potions of brilliance
 x - 2 potions of resistance
Books
 b - a book of Callings

   Spells                             Type                      Level
   a - Summon Small Mammal            Summoning                    1
   b - Call Imp                       Summoning                    2
   c - Call Canine Familiar           Summoning                    3
   d - Summon Guardian Golem          Hexes/Summoning              3
   e - Summon Lightning Spire         Summoning/Air                4
   f - Summon Ice Beast               Ice/Summoning                4
Comestibles
 a - 2 chunks of flesh
 c - 4 bread rations
 f - 3 meat rations
 i - 2 fruits
 A - 2 royal jellies


   Skills:
 - Level 1.7 Dodging
 - Level 1.7 Stealth
 + Level 4.5 Spellcasting
 * Level 8.3 Summonings


You had 5 spell levels left.
You knew the following spells:

 Your Spells              Type           Power        Failure   Level  Hunger
a - Summon Small Mammal   Summ           ####         1%          1    None
b - Call Imp              Summ           #####...     1%          2    None
c - Call Canine Familiar  Summ           #####...     2%          3    ##.....
d - Summon Lightning Spi  Summ/Air       ###.....     38%         4    ####...


Dungeon Overview and Level Annotations

Branches:
Dungeon (8/15)             Temple (0/1) D:4
   Lair: D:8-11

Annotations:
D:2 Natasha
D:4 Patate's ghost, novice HOFi


Innate Abilities, Weirdness & Mutations

You have an increased reservoir of magic. (+10% MP)
You are agile. (Dex +2)
You possess an exceptional clarity of mind.


Message History

Unknown command.
Unknown command.
Your wolf bites the two-headed ogre.
Unknown command.
You barely miss the two-headed ogre.
The two-headed ogre is moderately wounded.
Your wolf bites the two-headed ogre!
The two-headed ogre hits you with a giant spiked club!!
The two-headed ogre closely misses you.
Your wolf barely misses the two-headed ogre.
Your white imp closely misses the two-headed ogre.
Unknown command.
You barely miss the two-headed ogre.
The two-headed ogre is heavily wounded.
Your wolf bites the two-headed ogre!
The two-headed ogre hits you with a giant spiked club!!
Ouch! That really hurt!
* * * LOW HITPOINT WARNING * * *
The two-headed ogre hits you with a giant spiked club.
You die...

# # ### .##
#. #.. ..#
#.##.##..#
#........####
#...5h.......
####@O######
##.# #.# #.#
..# .## . #.


You could see a two-headed ogre, a friendly wolf and a friendly white imp.

Vanquished Creatures
  A scorpion (D:7)
  A crimson imp (D:4)
  A hound (D:7)
  A bullfrog skeleton (D:7)
  4 orc priests
  Ijyb (D:4)
  An iguana (D:5)
  3 worker ants
  A hound zombie (D:5)
  3 adders
  2 dart slugs (D:1)
  3 leopard geckos
  3 orcs
  3 bats
  8 giant cockroaches
  3 goblins
  2 hobgoblins (D:2)
  2 kobolds
  2 quokkas
  3 frilled lizards
  8 rats
56 creatures vanquished.

Vanquished Creatures (collateral kills)
  A wraith (D:6)
  Menkaure (D:4)
  An orc warrior (D:6)
  An ice beast (D:5)
  A sky beast (D:6)
  2 ogres
  A bullfrog (D:6)
  A quasit (D:6)
  A centaur zombie (D:7)
  2 hounds
  A bullfrog skeleton (D:4)
  An iguana (D:5)
  A worker ant (D:6)
  3 orc wizards
  A worker ant zombie (D:7)
  A howler monkey skeleton (D:5)
  3 adders
  2 oozes (D:2)
  A worm (D:2)
  A dart slug (D:3)
  7 orcs
  A giant cockroach (D:2)
  A goblin (D:2)
  A hobgoblin (D:1)
  A ball python (D:4)
  A bat (D:3)
  3 kobolds (D:2)
42 creatures vanquished.

Grand Total: 98 creatures vanquished

Notes
Turn   | Place    | Note
-------+----------+-------------------------------------------
     0 | D:1      | 4thArraOfDagon the Demigod Summoner began the quest for the Orb.
     0 | D:1      | Reached XP level 1. HP: 14/14 MP: 5/5
   367 | D:1      | Reached skill level 4 in Summonings
   367 | D:1      | Reached XP level 2. HP: 20/20 MP: 7/7
   378 | D:1      | Learned a level 2 spell: Call Imp
   587 | D:2      | Noticed Natasha
   647 | D:2      | Reached XP level 3. HP: 21/26 MP: 6/8
   652 | D:2      | Learned a level 3 spell: Call Canine Familiar
   772 | D:2      | Found a sacrificial altar of Ru.
   921 | D:2      | Found a deep blue altar of Sif Muna.
  1109 | D:3      | Found an opulent altar of Gozag.
  1322 | D:3      | Reached skill level 5 in Summonings
  1410 | D:4      | Found a radiant altar of Vehumet.
  1445 | D:4      | Reached XP level 4. HP: 32/33 MP: 5/9
  1451 | D:4      | Found a blossoming altar of Fedhas.
  1469 | D:4      | Noticed Ijyb
  1497 | D:4      | Killed Ijyb
  1501 | D:4      | Found a staircase to the Ecumenical Temple.
  1643 | D:4      | Noticed Menkaure
  1660 | D:4      | Killed Menkaure
  1660 | D:4      | Reached XP level 5. HP: 12/38 MP: 6/11
  1783 | D:4      | Found a shattered altar of Ashenzari.
  1835 | D:4      | Noticed an ogre
  1858 | D:4      | Killed an ogre
  1858 | D:4      | Reached skill level 6 in Summonings
  1892 | D:4      | Found an ancient bone altar of Kikubaaqudgha.
  1910 | D:4      | Noticed Patate's ghost (novice HOFi)
  2016 | D:5      | Entered Level 5 of the Dungeon
  2029 | D:5      | Found a basalt altar of Yredelemnul.
  2202 | D:5      | Reached XP level 6. HP: 40/45 MP: 11/13
  2466 | D:5      | Learned a level 4 spell: Summon Lightning Spire
  2654 | D:5      | Found a glowing golden altar of the Shining One.
  2659 | D:5      | Reached skill level 7 in Summonings
  2805 | D:6      | Gained mutation: You possess an exceptional clarity of mind. [mutagenic meat]
  2806 | D:6      | Gained mutation: You are agile. (Dex +2) [mutagenic meat]
  2933 | D:6      | Reached XP level 7. HP: 48/50 MP: 15/15
  2996 | D:6      | Noticed a wraith
  3033 | D:6      | Killed a wraith
  3438 | D:7      | Got a sheer robe
  3449 | D:7      | Identified the cursed +0 robe of Rezossom {Str+6 Int-4} (You found it on level 7 of the Dungeon)
  3472 | D:7      | Found a snail-covered altar of Cheibriados.
  3508 | D:7      | Reached skill level 8 in Summonings
  3604 | D:7      | Found a shadowy altar of Dithmenos.
  3711 | D:7      | Found a stormy altar of Qazlal.
  3712 | D:7      | Noticed a fire elemental
  3714 | D:7      | Noticed a water elemental
  3714 | D:7      | Noticed an air elemental
  3789 | D:8      | Noticed a two-headed ogre
  3795 | D:8      | Slain by a two-headed ogre

Vault maps used:
D:1:      mushboom_english_gardens, minmay_tetromino_l2
D:2:      lemuel_crystal_altar, nicolae_ru_the_path_less_chosen, uniq_natasha
D:3:      overflow_temple_1_default, small_statue_alley_b, minivault_23
D:4:      fiery_altar_vehumet, lemuel_doored_altar,
          nicolae_overflow_crystal_walls, temple_doors_e, corexii_shack,
          evilmike_ruin_ashenzari, uniq_menkaure, uniq_ijyb
D:5:      lemuel_round_altar, nicolae_tso_swordbearing_angel, first_bread
D:6:      minivault_19, minmay_liquid_box
D:7:      lemuel_coloured_pillars_altar, lemuel_round_altar,
          nicolae_qazlal_style_of_elements, kennysheep_little_box,
          grunt_livestock, roderic_lattice_a
D:8:      lemuel_crystal_altar, serial_shops, shop

Skill      XL: |  1  2  3  4  5  6  7 |
---------------+----------------------+-----
Spellcasting   | 2 3 4 |  4.5
Summonings     | 4 5 6 7 8 |  8.3
Dodging        | |  1.7
Stealth        | |  1.7

Action                   |  1- 3 |  4- 6 |  7- 9 || total
-------------------------+-------+-------+-------++-------
Melee: Dagger            |   108 |       |       ||   108
       Mace              |    12 |       |       ||    12
       Short sword       |     4 |    90 |    51 ||   145
 Cast: Summon Small Mamm |     7 |       |       ||     7
       Call Imp          |     6 |     6 |     2 ||    14
       Call Canine Famil |     8 |    14 |     9 ||    31
Evoke: Wand              |       |     1 |     2 ||     3
  Use: Scroll            |     4 |     1 |     2 ||     7
       Potion            |       |       |     4 ||     4
 Stab: Sleeping          |    11 |     5 |     2 ||    18
       Distracted        |       |     1 |       ||     1
  Eat: Chunk             |     3 |     9 |     3 ||    15
Armor: Robe              |    40 |    10 |       ||    50
       Ring mail         |       |    21 |    19 ||    40
Dodge: Dodged            |    75 |    44 |    41 ||   160

Table legend:
 A = Spawn XP
 B = Non-spawn XP
 C = Spawn XP percentage of total XP
 D = Spawn monster count
 E = Non-spawn monster count
 F = Spawn count percentage of total count
 G = Total turns spent on level
                    A         B        C        D         E        F      G
               +---------+---------+-------+---------+---------+-------+---------
         Total |       0 |    1593 |   0.0 |       0 |      98 |   0.0 |  3795
               +---------+---------+-------+---------+---------+-------+---------
           D:1 |       0 |      20 |   0.0 |       0 |      11 |   0.0 |   410
           D:2 |       0 |      56 |   0.0 |       0 |      22 |   0.0 |   621
           D:3 |       0 |      21 |   0.0 |       0 |      12 |   0.0 |   372
           D:4 |       0 |     329 |   0.0 |       0 |      13 |   0.0 |   613
           D:5 |       0 |     356 |   0.0 |       0 |      17 |   0.0 |   752
           D:6 |       0 |     525 |   0.0 |       0 |      15 |   0.0 |   667
           D:7 |       0 |     286 |   0.0 |       0 |       8 |   0.0 |   354
               +---------+---------+-------+---------+---------+-------+---------
